 Dungeon Crawl Stone Soup version 0.28-a0-828-g0121872642 (webtiles) character file.

Game seed: 13713865367381734722

29 cheechan the Bolt Thrower (level 3, -3/24 HPs)
             Began as an Octopode Hunter on Nov 10, 2021.
             Killed from afar by a white imp (9 damage)
             ... with a puff of frost
             ... summoned by Natasha
             ... on level 2 of the Dungeon.
             The game lasted 00:05:47 (1224 turns).

cheechan the Bolt Thrower (Octopode Hunter)         Turns: 1224, Time: 00:05:48

Health: -3/24      AC:  1    Str: 11    XL:     3   Next: 16%
Magic:  3/3        EV: 13    Int: 13    God:
Gold:   58         SH:  0    Dex: 13    Spells: 2/2 levels left

rFire   . . .      SeeInvis .   a - +2 hand crossbow
rCold   . . .      Faith    .   (no shield)
rNeg    . . .      Spirit   .   (helmet restricted)
rPois   .          Reflect  .   (no amulet)
rElec   .          Harm     .   (no ring)
rCorr   .          Rampage  .   (no ring)
Will    .....                   (no ring)
Stlth   +++.......              (no ring)
HPRegen 0.08/turn               (no ring)
MPRegen 0.08/turn               (no ring)
                                (no ring)
                                (no ring)

@: no status effects
A: almost no armour, amphibious, 8 rings, camouflage 1, gelatinous body 1,
(nimble swimmer 1), tentacles
a: no special abilities


You were on level 2 of the Dungeon.
You visited 1 branch of the dungeon, and saw 2 of its levels.

You collected 58 gold pieces.

Inventory:

Hand Weapons
 a - a +2 hand crossbow (weapon)
 b - a +0 short sword
Missiles
 c - 4 bolts (quivered ammo)
 e - 4 javelins (quivered)
Scrolls
 h - a scroll of fear
Potions
 d - a potion of might
 f - a potion of mutation {unknown}
 g - a potion of haste {unknown}


   Skills:
 + Level 2.2 Fighting
 + Level 4.7 Crossbows
 + Level 2.0 Dodging
 + Level 1.9 Stealth


You had 2 spell levels left.
You didn't know any spells.
Your spell library contained the following spells:

 Spells                   Type           Power      Damage    Failure   Level
 Freeze                   Ice            0%         1d3       30%         1
 Sandblast                Erth           0%         2d4       30%         1
 Passwall                 Tmut/Erth      0%         N/A       43%         2
 Frozen Ramparts          Ice            0%         1d2       67%         3
 Stone Arrow              Conj/Erth      0%         3d7       67%         3
 Hailstorm                Conj/Ice       0%         3d3       97%         4


Dungeon Overview and Level Annotations

Branches:
Dungeon (2/15)

Altars:

Annotations:
D:2 Natasha


Innate Abilities, Weirdness & Mutations

You cannot wear most types of armour.
You are amphibious.
You can wear up to eight rings at the same time.
Your skin changes colour to match your surroundings (Stealth+).
Your rubbery body absorbs attacks. (AC +1, EV +1)
((You are camouflaged near water. (Stealth+)))
You have tentacles for arms and can constrict up to eight enemies at once.


Message History

Okay, then.
Okay, then.
Okay, then.
Okay, then.
As you read the scroll of fear, it crumbles to dust.
You assume a fearsome visage.
Natasha looks frightened!
Natasha opens the door.
You start resting.
Natasha is nearby!
You start resting.
Natasha is nearby!
You start resting.
Natasha is nearby!
Fire: 8 bolts
Press: ? - help, Shift-Dir - straight line, f/p - Natasha
Aim: Natasha (60% to hit)
You shoot a bolt. The bolt hits Natasha.
Natasha is moderately wounded.
Fire: 7 bolts
Press: ? - help, Shift-Dir - straight line, f/p - Natasha
Aim: Natasha (moderately wounded, 60% to hit)
You shoot a bolt. The bolt barely misses Natasha.
You hear a splash.
Fire: 6 bolts
Press: ? - help, Shift-Dir - straight line, f/p - Natasha
Aim: Natasha (moderately wounded, 60% to hit)
You shoot a bolt. The bolt completely misses Natasha.
You hear a splash.
Fire: 5 bolts
Press: ? - help, Shift-Dir - straight line, f/p - Natasha
Aim: Natasha (moderately wounded, 60% to hit)
You shoot a bolt. The bolt hits Natasha.
Natasha is heavily wounded.
Natasha stares at you and mumbles some strange words.
The magic dart hits you.
* * * LOW HITPOINT WARNING * * *
You start resting.
Natasha mumbles some strange words.
The white imp gestures at you. The puff of frost hits you!
You die...

###############
..............#############
#############.............#
#############.# #≈5≈≈≈≈≈#.#
#≈##h##≈#.# ###≈#.#†#≈#.#
#.@(.#⌠#..'.# #.#≈#.#.#≈###
...#≈##.##≈# #####(≈≈≈≈≈≈#
#########


You could see a white imp (summoned).

Vanquished Creatures
  A worm (D:2)
  A ball python (D:1)
  4 bats
  2 endoplasms (D:1)
  A giant cockroach (D:1)
  3 goblins (D:1)
  2 hobgoblins (D:1)
  A quokka (D:1)
  3 kobolds (D:1)
  5 rats
23 creatures vanquished.

Notes
Turn   | Place    | Note
-------+----------+-------------------------------------------
     0 | D:1      | cheechan the Octopode Hunter began the quest for the Orb.
     0 | D:1      | Reached XP level 1. HP: 14/14 MP: 1/1
   151 | D:1      | Reached XP level 2. HP: 9/19 MP: 2/2
   819 | D:2      | Reached XP level 3. HP: 24/24 MP: 3/3
  1188 | D:2      | Noticed Natasha
  1224 | D:2      | Killed from afar by a white imp

Illustrated notes

Levels and vault maps discovered:
D:1:      dpeg_arrival_chambers_temple_mockup, layout_basic, minmay_circled_x
D:2:      layout_loops_ring, chequers_serial_rivers_marsh,
          palyth_stone_intersect, kennysheep_generic_room_9, uniq_natasha

Action                   || total
-------------------------++-------
Melee: Hand crossbow     ||    19
       Constrict         ||     8
       Tentacles         ||     3
 Fire: Hand crossbow     ||    47
  Use: Scroll            ||     5
Armor: Skin              ||     5
Dodge: Dodged            ||    29

Table legend: (Time is in decaauts)
 A = Elapsed time spent in this place.
 B = Non-inter-level travel time spent in this place.
 C = Inter-level travel time spent in this place.
 D = Time resting spent in this place.
 E = Time spent auto-exploring this place.
 F = Levels seen in this place.
 G = Mean time per level.
                   A        B        C        D        E       F      G
               +--------+--------+--------+--------+--------+-----+--------+
         Total |   1246 |   1246 |      0 |    266 |      0 |   2 |  623.0 |
       Dungeon |   1246 |   1246 |      0 |    266 |      0 |   2 |  623.0 |
               +--------+--------+--------+--------+--------+-----+--------+

Top non-repeatable levels by time:
     D:1: 812 daAuts
     D:2: 433 daAuts
